 Dungeon Crawl Stone Soup version 0.17.0-26-gececa24 (webtiles) character file.

14504 graki42 the Thaumaturge (level 11, -1/57 HPs)
             Began as a Deep Elf Fire Elementalist on Nov 20, 2015.
             Was a Priest of Vehumet.
             Shot with a silver bolt by a yaktaur captain (39 damage)
             ... on level 11 of the Dungeon.
             The game lasted 01:10:48 (13149 turns).

graki42 the Thaumaturge (DEFE)                     Turns: 13149, Time: 01:10:48

Health: -1/57      AC: 25    Str: 11    XL:     11   Next: 89%
Magic:  29/29      EV: 15    Int: 24    God:    Vehumet [***...]
Gold:   552        SH:  0    Dex: 19    Spells: 7 memorised, 14 levels left

rFire  . . .     SeeInvis .     E - +4 quarterstaff of Extremism {freeze, Dex+4}
rCold  . . .     Clarity  +     Y - +10 ring mail of Winter {Str+4}
rNeg   . . .     SustAt   .     (shield currently unavailable)
rPois  .         Gourm    .     (no helmet)
rElec  .         Spirit   .     m - +2 cloak {+Inv}
rCorr  .         Warding  .     H - +0 pair of gloves
rMut   .         Stasis   .     (no boots)
MR     +....                    b - amulet of clarity
Stlth  ++........               F - +6 ring of protection
                                X - ring of flight

@: somewhat resistant to hostile enchantments, unstealthy
A: claws 1, spit poison 1, strong 1
a: Spit Poison, Renounce Religion, Evoke Invisibility, Evoke Flight


You were on level 11 of the Dungeon.
You worshipped Vehumet.
Vehumet was most pleased with you.
You were not hungry.

You visited 2 branches of the dungeon, and saw 12 of its levels.
You also visited: Sewer.

You collected 730 gold pieces.
You spent 178 gold pieces at shops.

Inventory:

Hand Weapons
 e - a +1 blowgun
 E - the +4 quarterstaff of Extremism (weapon) {freeze, Dex+4}
   (You found it on level 5 of the Dungeon)

   It has been specially enchanted to freeze those struck by it, causing extra
   injury to most foes and up to half again as much damage against particularly
   susceptible opponents.
   It can also slow down cold-blooded creatures.
   It affects your dexterity (+4).
Missiles
 k - 42 poisoned needles
Armour
 i - a +2 leather armour of magic resistance
 m - a +2 cloak of invisibility (worn)
 H - a +0 pair of gloves (worn)
 Q - a +2 robe of magic resistance
 R - the +1 robe of the Ban {+Blink rC- rN+ SInv}
   (You bought it in a shop on level 11 of the Dungeon)

   It makes you vulnerable to cold.
   It protects you from negative energy.
   It lets you see invisible.
   It lets you blink.
 Y - the +10 ring mail of Winter (worn) {Str+4}
   (You found it on level 11 of the Dungeon)

   It affects your strength (+4).
Jewellery
 b - an amulet of clarity (around neck)
 w - a +3 ring of intelligence
 y - an uncursed ring of protection from fire
 F - a +6 ring of protection (right hand)
 G - an uncursed amulet of regeneration
 P - an uncursed amulet of warding
 U - an uncursed ring of teleportation
 V - an uncursed amulet of guardian spirit
 X - a ring of flight (left hand)
Wands
 j - a wand of fireball (5)
 l - a wand of confusion (0)
 n - a wand of digging (12)
 x - a wand of lightning (4)
 C - a wand of paralysis (14)
 M - a wand of slowing (18)
 O - a wand of flame (16)
 W - a wand of magic darts (23)
Scrolls
 a - 5 scrolls of remove curse
 o - 3 scrolls of teleportation
 p - a scroll of enchant weapon
 s - 2 scrolls of immolation
 J - a scroll of brand weapon {unknown}
 K - a scroll of recharging {unknown}
 S - a scroll of fear {unknown}
 T - 2 scrolls of amnesia {unknown}
Potions
 c - a potion of heal wounds
 d - a potion of cancellation {unknown}
 f - a potion of might
 h - 6 potions of curing
 q - a potion of berserk rage {unknown}
 r - 2 potions of resistance {unknown}
 t - a potion of brilliance
 B - 2 potions of flight
 D - a potion of cure mutation
Books
 N - a book of the Sky

   Spells                             Type                      Level
   a - Summon Lightning Spire         Summoning/Air                4
   b - Airstrike                      Air                          4
   c - Silence                        Hexes/Air                    5
   d - Deflect Missiles               Charms/Air                   6
   e - Conjure Ball Lightning         Conjuration/Air              6
   f - Tornado                        Air                          9
Comestibles
 g - 8 fruits
 u - 2 chunks of flesh
 v - 5 meat rations
 z - 3 beef jerkies
 A - 2 bread rations
 I - 7 royal jellies


   Skills:
 + Level 1.7 Fighting
   Level 0.1(0.2) Maces & Flails
 + Level 0.6 Staves
 + Level 2.4 Throwing
 + Level 2.9 Armour
 + Level 7.4 Dodging
 + Level 4.9 Stealth
 + Level 12.3 Spellcasting
 * Level 10.1 Conjurations
 + Level 2.7 Hexes
 * Level 11.2 Fire Magic
 * Level 5.6 Earth Magic
 + Level 0.7 Evocations


You had 14 spell levels left.
You knew the following spells:

 Your Spells              Type           Power        Failure   Level  Hunger
a - Flame Tongue          Conj/Fire      #####        1%          1    None
b - Conjure Flame         Conj/Fire      ######..     1%          3    None
c - Inner Flame           Hex/Fire       #####...     1%          3    None
d - Sticky Flame          Conj/Fire      ######..     1%          4    None
e - Fireball              Conj/Fire      ######....   1%          5    ###....
f - Sandblast             Erth           #####.       1%          1    None
g - Mephitic Cloud        Conj/Pois/Air  ####....     2%          3    None


Dungeon Overview and Level Annotations

Branches:
Dungeon (11/15)            Temple (1/1) D:6            Lair (0/8) D:11
    Orc: D:9-12

Altars:
Ashenzari
Cheibriados
Dithmenos
Elyvilon
Fedhas
Gozag
Kikubaaqudgha
Makhleb
Okawaru
Qazlal
Ru
Sif Muna
Trog
Vehumet
Xom
Yredelemnul
Zin
The Shining One

Shops:
D:2 *   D:7 *   D:11 [}

Annotations:
D:6 1 runed door
D:11 1 runed door


Innate Abilities, Weirdness & Mutations

You have sharp fingernails.
You can spit weak poison.
Your muscles are strong. (Str +2)


Message History

You kill the cyclops!
Vehumet accepts your kill.
You feel your power returning.
You start resting.
Eating one of 3 chunks of flesh.
This raw flesh tastes terrible.
You continue eating. x2
Magic restored.
Things that are here:
2 large rocks; a cyclops corpse You see here a yak corpse.
A tengu conjurer comes into view.
The tengu conjurer moves out of view.
The yaktaur captain shouts!
The yaktaur captain shoots a silver bolt.
The silver bolt hits you! The silver sears you!
You see here a silver bolt.
The yaktaur captain shoots a silver bolt.
The silver bolt hits you!!!
Ouch! That really hurt!
You die...

#...# ##### ##### #...# #...#
#.# #..#. #...# #...# #.#
#..#. #...# #...# #.# #..#.
#...# #...# #.# #.)....# #..#.
#...# #...# #.# #......# #....
#...# #...# #.# #...[..# #....
....# #...# #.# #......# #.###
##..# #...# #@# #......# #)# #
#..# #...# #(###......# #.# #
#<.# #...# #..........# #)# #
#..# #...# #.Q........# #.# #
#..# #...#####.......##.# #.#
# #..#
#..........##...##.###)# #
#..# #..........##...##.....#
#
#..####...#####..##..c##.....#
# #.(.(†....# #..##...##.....#
#


You could see a yaktaur captain and a tengu conjurer.

Vanquished Creatures
  2 unseen horrors (D:11)
  4 hill giants
  Pikel (D:4)
  2 cyclopes
  2 centaur zombies
  3 komodo dragons (D:11)
  A queen bee (D:8)
  A troll (D:10)
  Prince Ribbit (D:8)
  Sigmund (D:3)
  A wraith (D:10)
  14 yaks
  Eustachio (D:4)
  2 wyverns (D:9)
  A hippogriff (D:11)
  A hungry ghost (D:8)
  A steam dragon (D:11)
  A mottled dragon (D:11)
  A sky beast (D:7)
  A black bear (D:10)
  2 orc warriors
  4 centaurs
  A wasp (D:11)
  An ice beast (D:11)
  2 slaves (D:4)
  A crocodile (D:11)
  4 ogres
  Blork the orc (D:6)
  5 giant frogs
  5 big kobolds (Sewer)
  4 scorpions
  2 water moccasin skeletons
  29 killer bees
  A vampire bat (D:3)
  5 crimson imps
  A giant frog zombie (D:10)
  A wasp zombie (D:10)
  2 jellies
  A quasit (D:10)
  4 giant frog skeletons
  Crazy Yiuf (D:2)
  7 hounds
  5 orc wizards
  3 orc priests
  Jessica (D:2)
  2 centaur skeletons
  Terence (D:3)
  Natasha (thrice) (D:4)
  5 iguanas
  7 worker ants
  A killer bee zombie (D:5)
  3 sheep (D:9)
  2 hound skeletons
  A worker ant zombie (D:5)
  4 gnolls (D:2)
  12 adders
  5 river rats (Sewer)
  6 oozes
  An adder skeleton (D:7)
  2 worms (Sewer)
  6 giant geckos
  28 orcs
  6 ball pythons
  5 bats
  3 bat skeletons (D:3)
  3 bat zombies (D:3)
  8 giant cockroaches
  17 goblins
  9 hobgoblins
  5 quokkas
  4 giant newts
  21 jackals
  11 kobolds
  A quokka skeleton (D:6)
  20 rats
337 creatures vanquished.

Notes
Turn   | Place    | Note
--------------------------------------------------------------
     0 | D:1      | graki42 the Deep Elf Fire Elementalist began the quest for the Orb.
     0 | D:1      | Reached XP level 1. HP: 10/10 MP: 6/6
    72 | D:1      | Reached XP level 2. HP: 15/15 MP: 0/8
   396 | D:1      | Reached XP level 3. HP: 19/19 MP: 8/10
   510 | D:1      | Reached skill level 4 in Fire Magic
   933 | D:1      | Learned a level 3 spell: Conjure Flame
   937 | D:1      | Learned a level 3 spell: Inner Flame
   950 | D:2      | Reached XP level 4. HP: 7/24 MP: 2/11
  1070 | D:2      | Found an opulent altar of Gozag.
  1091 | D:2      | Found a white marble altar of Elyvilon.
  1256 | D:2      | Found Zin's Purification Station.
  1261 | D:2      | Found a glowing silver altar of Zin.
  1473 | D:2      | Noticed Crazy Yiuf
  1596 | D:2      | Killed Crazy Yiuf
  1679 | D:2      | Reached XP level 5. HP: 28/28 MP: 7/13
  1795 | D:2      | Noticed Jessica
  1806 | D:2      | Killed Jessica
  2141 | D:3      | Found a shattered altar of Ashenzari.
  2145 | D:3      | Noticed Sigmund
  2193 | D:3      | Found a glowing drain.
  2201 | Sewer    | Entered a sewer
  2255 | Sewer    | Reached XP level 6. HP: 33/33 MP: 10/15
  2258 | Sewer    | Reached skill level 5 in Spellcasting
  2403 | Sewer    | Reached skill level 5 in Fire Magic
  2576 | Sewer    | Reached XP level 7. HP: 37/37 MP: 14/17
  2584 | Sewer    | Learned a level 4 spell: Sticky Flame
  2590 | Sewer    | Learned a level 5 spell: Fireball
  2752 | D:3      | Killed Sigmund
  2752 | D:3      | Reached skill level 6 in Spellcasting
  3142 | D:3      | Noticed Terence
  3249 | D:3      | Killed Terence
  3249 | D:3      | Reached skill level 5 in Dodging
  3310 | D:3      | Found an ancient bone altar of Kikubaaqudgha.
  3497 | D:3      | Found a stormy altar of Qazlal.
  3587 | D:4      | Found a deep blue altar of Sif Muna.
  3680 | D:4      | Noticed Eustachio
  3689 | D:4      | Killed Eustachio
  3689 | D:4      | Reached XP level 8. HP: 42/42 MP: 13/20
  3809 | D:4      | Reached skill level 7 in Spellcasting
  3809 | D:4      | Reached skill level 5 in Conjurations
  3881 | D:4      | Noticed Natasha
  3886 | D:4      | Killed Natasha
  3907 | D:4      | Noticed Natasha
  3912 | D:4      | Killed Natasha
  3922 | D:4      | Noticed Natasha
  3924 | D:4      | Killed Natasha
  3928 | D:4      | Reached skill level 1 in Fighting
  4265 | D:4      | Reached skill level 1 in Hexes
  4596 | D:4      | Noticed Pikel
  4602 | D:4      | Killed Pikel
  4602 | D:4      | Reached skill level 1 in Throwing
  4602 | D:4      | Reached skill level 1 in Armour
  4602 | D:4      | Reached skill level 8 in Spellcasting
  4870 | D:5      | Entered Level 5 of the Dungeon
  4935 | D:5      | Got a jewelled quarterstaff
  4936 | D:5      | Identified the +4 quarterstaff of Extremism {freeze, Dex+4} (You found it on level 5 of the Dungeon)
  4976 | D:5      | Reached skill level 9 in Spellcasting
  4976 | D:5      | Reached XP level 9. HP: 39/47 MP: 11/24
  5116 | D:5      | Gained mutation: Your muscles are strong. (Str +2) [potion of mutation]
  5116 | D:5      | Gained mutation: You have sharp fingernails. [potion of mutation]
  5116 | D:5      | Gained mutation: You can spit weak poison. [potion of mutation]
  5807 | D:6      | Found a runed door.
  5815 | D:6      | Found a runed door.
  6162 | D:6      | Found a burning altar of Makhleb.
  6297 | D:6      | Found a snail-covered altar of Cheibriados.
  6328 | D:6      | Found a staircase to the Ecumenical Temple.
  6328 | D:6      | Noticed Blork the orc
  6339 | D:6      | Killed Blork the orc
  6349 | Temple   | Entered the Ecumenical Temple
  6357 | Temple   | Became a worshipper of Vehumet
  6745 | D:7      | Reached skill level 10 in Spellcasting
  6846 | D:7      | Found Tunaegg's General Store.
  6972 | D:7      | Found a sacrificial altar of Ru.
  7176 | D:7      | Reached * piety under Vehumet
  7176 | D:7      | Offered knowledge of Sandblast by Vehumet.
  7179 | D:7      | Learned a level 1 spell: Sandblast
  7609 | D:7      | Found a bloodstained altar of Trog.
  7786 | D:8      | Reached XP level 10. HP: 52/52 MP: 1/26
  7990 | D:8      | Reached skill level 1 in Earth Magic
  8583 | D:8      | Reached ** piety under Vehumet
  8583 | D:8      | Offered knowledge of Freeze by Vehumet.
  8586 | D:8      | Found a shadowy altar of Dithmenos.
  8656 | D:8      | Noticed Prince Ribbit
  8665 | D:8      | Killed Prince Ribbit
  9217 | D:9      | Reached skill level 11 in Spellcasting
  9391 | D:9      | Noticed a cyclops
  9395 | D:9      | Killed a cyclops
  9566 | D:9      | Found a glowing golden altar of the Shining One.
  9748 | D:10     | Entered Level 10 of the Dungeon
 10182 | D:10     | Found an opulent altar of Gozag.
 10187 | D:10     | Noticed a hill giant
 10190 | D:10     | Killed a hill giant
 10190 | D:10     | Reached XP level 11. HP: 39/56 MP: 7/28
 10372 | D:10     | Noticed a hill giant
 10377 | D:10     | Killed a hill giant
 10377 | D:10     | Offered knowledge of Mephitic Cloud by Vehumet.
 10377 | D:10     | Reached skill level 10 in Fire Magic
 10475 | D:10     | Learned a level 3 spell: Mephitic Cloud
 10582 | D:10     | Noticed a hill giant
 10590 | D:10     | Killed a hill giant
 11011 | D:11     | Reached *** piety under Vehumet
 11060 | D:11     | Found Jeagg's Antique Armour Boutique.
 11160 | D:11     | Bought an embroidered robe for 19 gold pieces
 11160 | D:11     | Bought a heavily jewelled robe for 159 gold pieces
 11180 | D:11     | Identified the cursed +1 robe of the Ban {+Blink rC- rN+ SInv} (You bought it in a shop on level 11 of the Dungeon)
 11358 | D:11     | Noticed an unseen horror
 11719 | D:11     | Offered knowledge of Iskenderun's Mystic Blast by Vehumet.
 11838 | D:11     | Reached skill level 5 in Earth Magic
 12095 | D:11     | Found a staircase to the Lair.
 12340 | D:11     | Noticed an unseen horror
 12346 | D:11     | Killed an unseen horror
 12346 | D:11     | Reached skill level 12 in Spellcasting
 12375 | D:11     | Killed an unseen horror
 12476 | D:11     | Got an ancient ring mail
 12485 | D:11     | Noticed a hill giant
 12493 | D:11     | Killed a hill giant
 12654 | D:11     | Found Fuugur's Gadget Shop.
 12675 | D:11     | Found a runed door.
 12686 | D:11     | Noticed a deep troll earth mage
 12690 | D:11     | Noticed a yaktaur captain
 12950 | D:10     | Identified the +10 ring mail of Winter {Str+4} (You found it on level 11 of the Dungeon)
 12989 | D:11     | Reached skill level 10 in Conjurations
 13149 | D:11     | Shot with a silver bolt by a yaktaur captain

Action                   |  1- 3 |  4- 6 |  7- 9 | 10-12 || total
-------------------------+-------+-------+-------+-------++-------
Melee: Short sword       |    28 |       |       |       ||    28
       Whip              |     4 |    21 |       |       ||    25
       Quarterstaff      |       |       |    23 |    32 ||    55
 Fire: Blowgun           |       |       |    41 |    11 ||    52
 Cast: Flame Tongue      |    53 |    78 |   216 |   182 ||   529
       Conjure Flame     |       |     4 |     9 |    21 ||    34
       Inner Flame       |       |     1 |     8 |    11 ||    20
       Sticky Flame      |       |       |    33 |    43 ||    76
       Sandblast         |       |       |     9 |     1 ||    10
       Fireball          |       |       |     6 |    34 ||    40
       Mephitic Cloud    |       |       |       |    12 ||    12
Evoke: Wand              |       |       |       |     2 ||     2
  Use: Scroll            |       |     4 |     8 |     9 ||    21
       Potion            |       |       |     8 |     3 ||    11
 Stab: Sleeping          |       |       |     4 |     3 ||     7
  Eat: Bread ration      |     1 |       |       |       ||     1
       Chunk             |       |     4 |    14 |    21 ||    39
       Pizza             |       |       |     2 |       ||     2
       Fruit             |       |       |     1 |       ||     1
